Workbook

Sheet PRESUPUESTO
C3: Formulario 1 - Propuesta económica - Documento tipo de obra pública - versión 3
C4: Código | D4: CCE-EICP-FM-14
C5: FORMULARIO 1
C6: PRESUPUESTO OFICIAL
C7: [La entidad puede utilizar este formulario de detalle del presupuesto oficial para determinar las condiciones bajo las cuales los proponentes analizarán y presentarán su propuesta económica de forma detallada, sin perjuicio que la entidad pueda modificarlo o establecer la presentación de la oferta económica con un formulario distinto al indicado.]
C9: Adicionalmente, cuando el proceso de contratación es estructurado por precios unitarios, la Entidad debe aplicar las notas 1, 2 y 3 del presente formulario y las casillas de "Descripción", "Porcentaje" de la Administración y Utilidad y total A.U. resaltadas en color amarillo. Tratándose de otras modalidades de precio, la Entidad puede o no configurar los mismos aspectos.
C11: MEJORAMIENTO DE LA PLANTA FÍSICA DEL ESTABLECIMIENTO EDUCATIVO OFICIAL: PRESUPUESTO OBRA CIVIL - INSTITUCION EDUCATIVA ESTAMBUL
C12: Nº | D12: ITEM DE PAGO | E12: DESCRIPCION | F12: UND. | G12: CANTIDAD | H12: VALOR UNITARIO | I12: VALOR TOTAL
D13: 001 | E13: PRELIMINARES
C14: 1 | D14: 001.049 | E14: SUMINISTRO, TRANSPORTE E INSTALACIÓN CERRAMIENTO EN YUTE H= 2 M | F14: ML | G14: 300 | H14: 15699 | I14: =ROUND(H14*G14,0) -> 4709700
C15: 2 | D15: 001.054 | E15: SUMINISTRO, TRANSPORTE E INSTALACION SEÑAL PREVENTIVA, REGLAMENTARIA E INFORMATIVA | F15: UND | G15: 4 | H15: 257265 | I15: =ROUND(H15*G15,0) -> 1029060
C16: Subtotal | I16: =SUM(I13:I15) -> 5738760
D17: 002 | E17: MOVIMIENTO DE TIERRAS
C18: 3 | D18: 002.089 | E18: RETIRO DE MATERIAL SOBRANTE EN VOLQUETA, CARGUE MANUAL, DISPOSICIÓN EN BOTADERO (HASTA 25 KM) | F18: M3-Suelto | G18: 45 | H18: 44658 | I18: =ROUND(H18*G18,0) -> 2009610
C19: Subtotal | I19: =SUM(I18) -> 2009610
D20: 003 | E20: DESAGUES E INSTALACIONES SANITARIAS
C21: 4 | D21: 003.011 | E21: SUMINISTRO, TRANSPORTE E INSTALACION BAJANTE AGUAS LLUVIAS PVC 4" (INCLUYE CODO, UNION Y ACCESORIOS DE FIJACION) | F21: ML | G21: 50 | H21: 42672 | I21: =ROUND(H21*G21,0) -> 2133600
I22: =SUM(I21) -> 2133600
D23: 005 | E23: ESTRUCTURAS EN CONCRETO, METALICAS Y DE MADERA
C24: 5 | D24: 005.113 | E24: SUMINISTRO, TRANSPORTE E INSTALACION ESTRUCTURA METALICA PARA CUBIERTA (INCLUYE SOLDADURA, ANTICORROSIVO Y ESMALTE). | F24: KG | G24: 580 | H24: 23495 | I24: =G24*H24 -> 13627100
C25: Subtotal | I25: =SUM(I24) -> 13627100
D26: 007 | E26: INSTALACIONES HIDRAULICAS
C27: 6 | D27: 007.116 | E27: SUMINISTRO, TRANSPORTE E INSTALACION LAVAMANOS DE EMPOTRAR LINEA SAN LORENZO COLOR BLANCO DE CORONA REF: O19001001 O SIMILAR. (INCLUYE ELEMENTOS DE GRIFERÍA PARA INSTALACIÓN). | F27: UND | G27: 10 | H27: 523495 | I27: =G27*H27 -> 5234950
C28: 7 | D28: 007.120 | E28: SONDEO DE TUBERÍAS Y BAJANTES DE AGUAS LLUVIA | F28: ML | G28: 16 | H28: 9537 | I28: =G28*H28 -> 152592
C29: Subtotal | I29: =SUM(I27:I28) -> 5387542
D30: 08B | E30: INSTALACIONES ELECTRICAS
D31: 08B.111 | E31: SUMINISTRO E INSTALACION DE TABLERO DE 12 CIRCUITOS 2F4H, CON PUERTA. BARRAJE PARA 200A BARRA NEUTRO Y BARRA TIERRA CALIDAD LEGRAND, SIEMENS, SQARED O SUPERIOR DE MARCA RECONOCIDA Y HOMOLOGADA POR EL CIDET | F31: UND | G31: 1 | H31: 581212 | I31: =G31*H31 -> 581212
D32: 08B.176 | E32: SUMINISTRO, TRANSPORTE E INSTALACION SALIDA TOMACORRIENTE NORMAL DOBLE PT EN TUBERIA CONDUIT EMT 3/4", ALAMBRE NO 12 AWG | F32: UND | G32: 16 | H32: 175249 | I32: =G32*H32 -> 2803984
D33: 08B.197 | E33: SUMINISTRO, TRANSPORTE E INSTALACION SALIDA INTERRUPTOR SENCILLO EN TUBERIA CONDUIT EMT 3/4", ALAMBRE NO 12 AWG. | F33: UND | G33: 3 | H33: 171384 | I33: =G33*H33 -> 514152
D34: 08B.278 | E34: SUMINISTRO E INSTALACION DE BREAKER 1X20 A | F34: UND | G34: 10 | H34: 54220 | I34: =G34*H34 -> 542200
D35: 08B.179 | E35: SUMINISTRO, TRANSPORTE E INSTALACION SALIDA TOMACORRIENTE GFCI DOBLE EN TUBERIA CONDUIT EMT 3/4", ALAMBRE NO 12 AWG | F35: UND | G35: 1 | H35: 190744 | I35: =G35*H35 -> 190744
D36: 08B.203 | E36: SUMINISTRO, TRANSPORTE E INSTALACION SALIDA INTERRUPTOR DOBLE EN TUBERIA CONDUIT EMT 3/4", ALAMBRE NO 12 AWG. | F36: UND | G36: 3 | H36: 184590 | I36: =G36*H36 -> 553770
D37: 08B.304 | E37: DESMONTE DE LÁMPARAS DE SOBREPONER, INCRUSTAR O SIMILAR. ALTURA < 3 METROS (INCLUYE ESCALERA CERTIFICADA) | F37: UND | G37: 119 | H37: 26116 | I37: =G37*H37 -> 3107804
D38: 08B.307 | E38: DESMONTE DE INTERRUPTORES (DOBLE O SENCILLOS), TOMACORRIENTES (DOBLES O SENCILLOS), PUNTOS TELEFÓNICOS, DE DATOS O SIMILARES | F38: UND | G38: 27 | H38: 9772 | I38: =G38*H38 -> 263844
D39: 08B.311 | E39: DESMONTE Y RETIRO DE REDES ELÉCTRICAS PARÁSITAS. INCLUYE ANDAMIO CERTIFICADO | F39: ML | G39: 270 | H39: 8966 | I39: =G39*H39 -> 2420820
D40: 08B.325 | E40: SUMINISTRO, TRANSPORTE E INSTALACION PANEL LED REDONDO DE INCRUSTAR 18W LUZ BLANCA NEUTRA 1080 LÚMENES TIPO SYLVANA O SIMILAR | F40: UND | G40: 3 | H40: 68616 | I40: =G40*H40 -> 205848
D41: 08B.330 | E41: SUMINISTRO, TRANSPORTE E INSTALACION DE LUMINARIA DE EMPOTRAR TIPO PANEL LED CUADRADO 60 X 60, 48W BLANCO OPAL. INCLUYE DRIVER SC CLAVIJA Y TODOS LOS ACCESORIOS PARA SU CORRECTA INSTALACIÓN Y MONTAJE | F41: UND | G41: 42 | H41: 119062 | I41: =G41*H41 -> 5000604
D42: 08B.456 | E42: SUMINISTRO, TRANSPORTE E INSTALACIÓN LUMINARIA HERMETICA 36W - SYLVANIA O SIMILAR | F42: UND | G42: 8 | H42: 149154 | I42: 149154
D43: 08B.557 | E43: SUMINISTRO, TRANSPORTE E INSTALACION SALIDA INTERRUPTOR SENCILLO CONMUTABLE EN TUBERIA CONDUIT EMT 3/4", CABLE N° 12 AWG HFFR LS | F43: UND | G43: 2 | H43: 202660 | I43: =G43*H43 -> 405320
D44: 08B.558 | E44: SUMINISTRO, TRANSPORTE E INSTALACION SALIDA INTERRUPTOR CONMUTABLE DOBLE EN TUBERIA CONDUIT EMT 3/4", CABLE N° 12 AWG HFFR LS | F44: UND | G44: 1 | H44: 219517 | I44: =G44*H44 -> 219517
D45: 08B.838 | E45: SUMINISTRO, TRANSPORTE E INSTALACION DE RED ELECTRICA EN 3 # 12 THHN (NO INCLUYE DUCTO) | F45: ML | G45: 120 | H45: 18381 | I45: =G45*H45 -> 2205720
D46: 08B.840 | E46: SUMINISTRO, TRANSPORTE E INSTALACION DE BREAKER 1 X 30 AMP | F46: UND | G46: 1 | H46: 45609 | I46: =G46*H46 -> 45609
D47: 08B.947 | E47: SUMINISTRO, TRANSPROTE E INSTALACIÓN DE REFLECTOR LED 200 W, IP65 | F47: UND | G47: 3 | H47: 228568 | I47: =G47*H47 -> 685704
C48: Subtotal | I48: =SUM(I31:I47) -> 19896006
D49: 009 | E49: REVOQUES-RESANES
D50: 009.025 | E50: REPARACION MUROS (INCLUYE RESANE ) | F50: M2 | G50: 120 | H50: 5138 | I50: =G50*H50 -> 616560
C51: 17 | D51: 009.026 | E51: SUMINISTRO, TRANSPORTE E INSTALACION SIKA MONOTOP 123 SOBRE MURO, FILOS Y DILATACIONES EN AREAS DE INTERVENCION PARA CONTROL DE HUMEDAD). | F51: M2 | G51: 120 | H51: 35061 | I51: =G51*H51 -> 4207320
C52: Subtotal | I52: =SUM(I50:I51) -> 4823880
D53: 010 | E53: CUBIERTAS
C54: 18 | D54: 010.017 | E54: SUMINISTRO, TRANSPORTE E INSTALACION FLANCHE EN LAMINA GALVANIZADA CAL .22 D/ 0.30 M. (INCLUYE ESMALTE + ANCLAJE A MURO + SIKAFLEX) | F54: ML | G54: 10 | H54: 29590 | I54: =G54*H54 -> 295900
C55: 19 | D55: 010.019 | E55: SUMINISTRO, TRANSPORTE E INSTALACION CANAL EN LAMINA GALVANIZADA CAL .22 D/ 0.60 M. (SUMINISTRO E INSTALACIÓN CON WASH PRIMER + ESMALTE + ANCLAJE A MURO + SILICONA) | F55: ML | G55: 106 | H55: 91398 | I55: =G55*H55 -> 9688188
C56: 20 | D56: 010.033 | E56: SUMINISTRO, TRANSPORTE E INSTALACION DE TEJA TERMOACÚSTICA UPVC DE 2.0MM (INCLUYE CAPOTE, ARENDELA DE NEOPRENO, TAPA Y TORNILLO DE 3" | F56: M2 | G56: 130 | H56: 80014 | I56: =G56*H56 -> 10401820
C57: 21 | D57: 010.048 | E57: SUMINISTRO, TRANSPORTE E INSTALACIÓN DE TEJA TIPO SANDWICH ESPESOR 18MM LAMINA SUPERIOR E INFERIOR CAL. 26 REF KINGSPAN O EQUIVALENTE (INC. KIT DE FIJACIÓN Y DEMÁS ELEMENTOS PARA SU CORRECTA INSTALACIÓN Y FUNCIONAMIENTO) | F57: M2 | G57: 260 | H57: 174578 | I57: =G57*H57 -> 45390280
C58: 22 | D58: 010.036 | E58: SUMINISTRO, TRANSPORTE E INSTALACION DE CABALLETE UPVC 2,0MM. (Incluye kit de fijación con arandela de neopreno) | F58: ML | G58: 43 | H58: 79506 | I58: =G58*H58 -> 3418758
C59: Subtotal | I59: =SUM(I54:I58) -> 69194946
D60: 011 | E60: CELO RASOS
C61: 41 | D61: 011.009 | E61: SUMINISTRO, TRANSPORTE E INSTALACIÓN DE CIELO RASO EN LÁMINAS DE PVC A TODO COSTO. INCLUYE ESTRUCTURA METÁLICA, PERIMETRALES Y HASTA 2 CAJAS DE INSPECCION DE 0.60 X 0.60 CADA 30 M2. TEXTURA SEGÚN DISEÑO | F61: M2 | G61: 10 | H61: 82946 | I61: =ROUND(H61*G61,0) -> 829460
I62: =SUM(I61) -> 829460
D63: 017 | E63: CARPINTERIA METALICA
C64: 23 | D64: 017.029 | E64: SUMINISTRO, TRANSPORTE E INSTALACION VENTANA FIJA EN ALUMINIO ANODIZADO VIDRIO 8 MM (INCLUYE MARCO EN PERFILERIA PB 3831 O SIMILAR Y VIDRIO CRISTAL DE 8 MM. ). INCLUYE EL SUMINISTRO DE TODOS LOS ACCESORIOS REQUERIDOS PARA EL CORRECTO MONTAJE, ASI COMO EL SUMINISTRO E INSTALACIÓN DE LA SILICONA QUE SEA REQUERIDA PARA GARANTIZAR UNA PERFECTA INSTALACIÓN. SEGUN DETALLE. | F64: M2 | G64: 46 | H64: 404230 | I64: =G64*H64 -> 18594580
C65: 24 | D65: 017.040 | E65: SUMINISTRO, TRANSPORTE E INSTALACION PUERTA DOBLE VIDRIO TEMPLADO 10 MM CON ZOCALO EN ALUMINIO CON BISAGRAS DE PISO NEUMATICAS, CON CERRADURAS Y MANIJAS. INCLUYE EL SUMINISTRO DE TODOS LOS ACCESORIOS REQUERIDOS PARA EL CORRECTO MONTAJE. SEGUN DETALLE. | F65: M2 | G65: 6.8 | H65: 1285340 | I65: =G65*H65 -> 8740312
C66: 25 | D66: 017.061 | E66: SUMINISTRO, TRANSPORTE E INSTALACION PUERTA CABINAS SANITARIAS SISTEMA CANTILIVER EN ACERO INOXIDABLE CAL. 18. SEGÚN DETALLE. INCLUYE SUMINISTRO, INSTALACIÓN, PASADOR DE CIERRE. | F66: M2 | G66: 8 | H66: 1167976 | I66: =G66*H66 -> 9343808
C67: 26 | D67: 017.088 | E67: SUMINISTRO, TRANSPORTE E INSTALACION CABINAS ORINALES 1.20*0,45 ACERO INOXIDABLE CAL. 20. SEGÚN DETALLE. INCLUYE SUMINISTRO E INSTALACIÓN, SEGÚN DETALLE. | F67: UND | G67: 4 | H67: 674964 | I67: =G67*H67 -> 2699856
C68: Subtotal | I68: =SUM(I64:I67) -> 39378556
D69: 019 | E69: PINTURA
C70: 27 | D70: 019.001 | E70: SUMINISTRO, TRANSPORTE E INSTALACION ESTUCO Y VINILO 3 MANOS SOBRE MURO INTERIOR (INCLUYE ESTUCO, 1 MANO EN PINTURA TIPO 2 Y DOS MANOS EN PINTURA TIPO 1, FILOS Y DILATACIONES). COLOR SEGÚN DISEÑO POR M2 | F70: M2 | G70: 628 | H70: 30043 | I70: =G70*H70 -> 18867004
C71: 28 | D71: 019.013 | E71: SUMINISTRO, TRANSPORTE E INSTALACION GRANIPLAST (ESGRAFIADO) FACHADAS ( INCLUYE FILOS Y DILATACIONES) | F71: M2 | G71: 150 | H71: 39229 | I71: =G71*H71 -> 5884350
C72: 29 | D72: 019.014 | E72: SUMINISTRO, TRANSPORTE E INSTALACION ESTUCO Y PINTURA TIPO KORAZA O SIMILAR 3 MANOS FACHADAS (INCLUYE ESTUCO, 1 MANO EN PINTURA TIPO 2 Y DOS MANOS EN PINTURA TIPO KORAZA O SIMILAR, FILOS Y DILATACIONES). COLOR SEGÚN DISEÑO. | F72: M2 | G72: 90 | H72: 34590 | I72: =G72*H72 -> 3113100
C73: 30 | D73: 019.023 | E73: SUMINISTRO TRANSPORTE E INSTALACION ESTUCO Y 3 MANOS DE PINTURA ACRILTEX PARA BAÑO Y COCINA | F73: M2 | G73: 38 | H73: 35146 | I73: =G73*H73 -> 1335548
C74: 31 | D74: 019.033 | E74: SUMINISTRO, TRANSPORTE E INSTALACION PINTURA ESMALTE PARA PUERTAS, REJAS, VENTANAS Y DEMÁS SUPERFICIES METÁLICAS. AMBAS CARAS. INCLUYE FILOS Y DILATACIONES. INCLUYE ANDAMIOS CERTIFICADOS PARA TRABAJO EN ALTURAS. | F74: M2 | G74: 214 | H74: 33592 | I74: =G74*H74 -> 7188688
D75: 019.038 | E75: SUMINISTRO, TRANSPORTE E INSTALACION VINILO 3 MANOS SOBRE MURO INTERIOR (1 MANO EN PINTURA TIPO 2 Y DOS MANOS EN PINTURA TIPO 1, FILOS Y DILATACIONES). COLOR SEGÚN DISEÑO POR M2 | F75: M2 | G75: 330 | H75: 23379 | I75: =G75*H75 -> 7715070
C76: 32 | D76: 019.040 | E76: SUMINISTRO, TRANSPORTE E INSTALACION VINILO 3 MANOS SOBRE GRANIPLAST EN MURO EXTERIOR ALTURA > 3 M (INCLUYE 1 MANO EN PINTURA TIPO 2 Y DOS MANOS EN PINTURA TIPO 1, FILOS Y DILATACIONES). COLOR SEGÚN DISEÑO POR M2 | F76: M2 | G76: 1300 | H76: 28651 | I76: =G76*H76 -> 37246300
D77: 019.041 | E77: SUMINISTRO, TRANSPORTE E INSTALACION ESMALTE SINTETICO 3 EN 1 BAJO PLACA METALICA (INC. VIGAS Y PERFILES METALICOS) | F77: M2 | G77: 60 | H77: 31858 | I77: =G77*H77 -> 1911480
C78: Subtotal | I78: =SUM(I70:I77) -> 83261540
D79: 022 | E79: ASEO GENERAL Y LIMPIEZA
C80: 33 | D80: 022.001 | E80: ASEO GENERAL | F80: M2 | G80: 420 | H80: 4643 | I80: =ROUND(H80*G80,0) -> 1950060
C81: Subtotal | I81: =SUM(I80) -> 1950060
D82: 028 | E82: DESMONTES
C83: 34 | D83: 028.005 | E83: DESMONTE APARATOS SANITARIOS | F83: UND | G83: 10 | H83: 77572 | I83: =ROUND(H83*G83,0) -> 775720
C84: 35 | D84: 028.007 | E84: DESMONTE CUBIERTA (INC. RETIRO YDISPOSICIÓN EN BOTADERO) | F84: M2 | G84: 390 | H84: 31143 | I84: =ROUND(H84*G84,0) -> 12145770
C85: 36 | D85: 028.008 | E85: DESMONTE CIELO RASO (INCLUYE RETIRO) | F85: M2 | G85: 330 | H85: 19220 | I85: =ROUND(H85*G85,0) -> 6342600
C86: 37 | D86: 028.011 | E86: DESMONTE PANELES DIVISORIOS | F86: M2 | G86: 1.15 | H86: 16594 | I86: =ROUND(H86*G86,0) -> 19083
C87: 38 | D87: 028.012 | E87: DESMONTE PUERTAS (INCLUYE RETIRO) | F87: UND | G87: 7 | H87: 56393 | I87: =ROUND(H87*G87,0) -> 394751
C88: 39 | D88: 028.014 | E88: DESMONTE DE CANALES Y BAJANTES | F88: ML | G88: 130 | H88: 7244 | I88: =ROUND(H88*G88,0) -> 941720
C89: 40 | D89: 028.081 | E89: DESMONTE DE CERCHA METALICA | F89: ML | G89: 105 | H89: 20418 | I89: =ROUND(H89*G89,0) -> 2143890
C90: Subtotal | I90: =SUM(I83:I89) -> 22763534
D91: 029 | E91: DEMOLICIONES
C92: 41 | D92: 029.005 | E92: DEMOLICION DE MESONES A=0.60 M. | F92: ML | G92: 3 | H92: 50819 | I92: =ROUND(H92*G92,0) -> 152457
I93: =SUM(I92) -> 152457
D94: 032 | E94: ACTIVIDADES PARA PROYECTOS ESPECIFICOS
D95: 032.037 | E95: SUMINISTRO, TRANSPORTE E INSTALACION CUBIERTA POLICARBONATO ALVEOLAR 6MM | F95: M2 | G95: 28 | H95: 179026 | I95: =G95*H95 -> 5012728
D96: 032.040 | E96: SUMINISTRO, TRANSPORTE E INSTALACION LAMINA DE ICOPOR PARA CIELO RASO EN ESTRUCTURA EXISTENTE | F96: M2 | G96: 30 | H96: 33490 | I96: =G96*H96 -> 1004700
C97: 42 | D97: 032.045 | E97: SUMINISTRO, TRANSPORTE E INSTALACION LAVAPLATOS SOCODA DE 0,40 X 0,60 M CON LLAVE TERMINAL CROMADA Y ROSCADA CON GRIFERÍA, SIFÓN Y ACOPLE | F97: UND | G97: 1 | H97: 408648 | I97: =G97*H97 -> 408648
D98: 032.122 | E98: RENIVELACION DE CIELO RASO EN ALUMINIO E ICOPOR EXISTENTE | F98: M2 | G98: 70 | H98: 13286 | I98: =G98*H98 -> 930020
C99: 43 | D99: 032.125 | E99: SUMINISTRO TRANSPORTE E INSTALACION MESON EN GRANITO NATURAL CRISTAL PULIDO Y BRILLADO, PARA INCRUSTAR LAVAMANOS A=0.60M | F99: ML | G99: 8.6 | H99: 656243 | I99: =G99*H99 -> 5643689.8
C100: 44 | D100: 032.135 | E100: SUMINISTRO, TRANSPORTE E INSTALACIÓN DIVISION ORINAL EN ACERO INOXIDABLE CAL. 20; 0,9X0,45X0,10 M (DOBLE HOJA) | F100: UND | G100: 4 | H100: 714859 | I100: =G100*H100 -> 2859436
C101: 45 | D101: 032.175 | E101: SUMINISTRO, TRANSPORTE E INSTALACIÓN DE SIKATOP-121 PARA REPARACIÓN DE SUPERFICIES EN CONCRETO O MAMPOSTERIA. INCLUYE TODO LO NECESARIO PARA SU CORRECTA INSTALACIÓN | F101: M2 | G101: 54 | H101: 115422 | I101: =G101*H101 -> 6232788
C102: Subtotal | I102: =SUM(I95:I101) -> 22092010
C103: SUBTOTAL OBRAS
C104: SUBTOTAL OBRAS | I104: =SUM(I13:I102)/2 -> 2.9323906e+08
...

Sheet ANALISIS AU
A1: ANALISIS DEL AIU
A3: Valor estimado de la Obra (Costo Directo). | D3: Valor | E3: =PRESUPUESTO!I212 -> 5.4248856e+08
A4: Plazo estimado de ejecución. | D4: Meses | E4: 3
A6: CAPITULO | B6: TIPO DE GASTO | C6: UN | D6: CANTIDAD. | E6: DEDICACION | F6: VLOR UNITARIO (mes) | G6: FACTOR PRESTACIONAL O FACTOR AIU (PARA INDIRECTOS) | H6: VALOR TOTAL | I6: SUMA | J6: PORCENTAJE
A7: 1 | B7: GASTOS GENERALES. | J7: =+J8 -> 0.095036696
A8: 1.1 | B8: MANO DE OBRA Y GASTOS DE OFICINA | I8: =SUM(H9:H14) -> 51556320 | J8: =+I8/$E$3 -> 0.095036696
B9: Ingeniero Residente | C9: Un | D9: 1 | E9: 1 | F9: 4500000 | G9: 0.6556 | H9: =+D9*E9*$E$4*F9*(1+G9) -> 22350600 | J9: =+H9/$E$3 -> 0.041200132
B10: Maestro de Obra | C10: Un | D10: 1 | E10: 1 | F10: 3600000 | G10: 0.6556 | H10: =+D10*E10*$E$4*F10*(1+G10) -> 17880480 | J10: =+H10/$E$3 -> 0.032960105
B11: Residente de Salud Ocupacional | C11: Un | D11: 1 | E11: 0.5 | F11: 3600000 | G11: 0.6556 | H11: =+D11*E11*$E$4*F11*(1+G11) -> 8940240 | J11: =+H11/$E$3 -> 0.016480053
B12: Plan de Salud ocupacional y seguridad industrial | C12: Mes | D12: =+$E$4 -> 3 | E12: 1 | F12: 200000 | H12: =+D12*E12*$E$4*F12*(1+G12) -> 1800000 | J12: =+H12/$E$3 -> 0.0033180423
B13: Costos financiero | C13: Mes | D13: =+$E$4 -> 3 | E13: 1 | F13: 65000 | H13: =+D13*E13*$E$4*F13*(1+G13) -> 585000 | J13: =+H13/$E$3 -> 0.0010783638
H14: =F14 -> 0 | J14: =+H14/$E$3 -> 0
A15: 2 | B15: GASTOS INDIRECTOS. | J15: =+J16+J18+J29+J25 -> 0.20895435
A16: 2.1 | B16: LEGALIZACION. | I16: =SUM(H17:H17) -> 0 | J16: =+I16/$E$3 -> 0
B17: AIU ITERACION | G17: 1.3721 | H17: =+F17*D17*G17 -> 0
A18: 2.2 | B18: POLIZAS | I18: =SUM(H19:H23) -> 6336808.5 | J18: =+I18/$E$3 -> 0.011680999
B19: Anticipo | C19: % | D19: 0.0006 | E19: 0.2 | F19: =+$E$3*E19 -> 1.0849771e+08 | G19: =+$G$17 -> 1.3721 | H19: =+(((F19*G19*D19)/365)*($E$4*30+120))*1.19 -> 61154.861 | J19: =+H19/$E$3 -> 0.00011273023
B20: Cumplimiento | C20: % | D20: 0.0006 | F20: =+$E$3 -> 5.4248856e+08 | G20: =+$G$17 -> 1.3721 | H20: =+(((F20*G20*D20)/365)*($E$4*30+120))*1.19 -> 305774.31 | J20: =+H20/$E$3 -> 0.00056365116
B21: Estabilidad | C21: % | D21: 0.0009 | F21: =+$E$3 -> 5.4248856e+08 | G21: =+$G$17 -> 1.3721 | H21: =+(((F21*G21*D21)/365)*(1825))*1.19 -> 3985986.5 | J21: =+H21/$E$3 -> 0.0073475955
B22: Prestaciones Sociales | C22: % | D22: 0.0005 | F22: =+$E$3 -> 5.4248856e+08 | G22: =+$G$17 -> 1.3721 | H22: =+(((F22*G22*D22)/365)*($E$4*30+1095))*1.19 -> 1437867.3 | J22: =+H22/$E$3 -> 0.0026505025
B23: Responsabilidad Civil | C23: % | D23: 0.0025 | F23: =+$E$3 -> 5.4248856e+08 | G23: =+$G$17 -> 1.3721 | H23: =+(((F23*G23*D23)/365)*($E$4*30+0))*1.19 -> 546025.55 | J23: =+H23/$E$3 -> 0.0010065199
A25: 2.3 | B25: VALLAS Y SEÑALIZACION | I25: =SUM(H26:H28) -> 800000 | J25: =+I25/$E$3 -> 0.0014746855
B26: Vallas incluye estructura de fijacion | C26: M2 | D26: 2 | E26: 200000 | F26: =E26*D26 -> 400000 | H26: =+F26*D26 -> 800000 | J26: =+H26/$E$3 -> 0.0014746855
H27: =+F27*D27 -> 0 | J27: =+H27/$E$3 -> 0
A29: 2.4 | B29: IMPUESTOS Y CONTRIBUCIONES | I29: =SUM(H30:H37) -> 1.0621854e+08 | J29: =+I29/$E$3 -> 0.19579867
B30: Contribuación Especial | C30: % | D30: 0.05 | F30: =+$E$3 -> 5.4248856e+08 | G30: =+$G$17 -> 1.3721 | H30: =+F30*D30*G30 -> 37217427 | J30: =+H30/$E$3 -> 0.068605
B31: Estampillas para el bienestar del adulto mayor | C31: % | D31: 0.02 | F31: =+$E$3 -> 5.4248856e+08 | G31: =+$G$17 -> 1.3721 | H31: =+F31*D31*G31 -> 14886971 | J31: =+H31/$E$3 -> 0.027442
B32: Estampillas Pro - Universidades. | C32: % | D32: 0.02 | F32: =+$E$3 -> 5.4248856e+08 | G32: =+$G$17 -> 1.3721 | H32: =+F32*D32*G32 -> 14886971 | J32: =+H32/$E$3 -> 0.027442
B33: Estampilla pro cultura | C33: % | D33: 0.02 | F33: =+$E$3 -> 5.4248856e+08 | G33: =+$G$17 -> 1.3721 | H33: =+F33*D33*G33 -> 14886971 | J33: =+H33/$E$3 -> 0.027442
B34: Estampilla pro justicia familiar | C34: % | D34: 0.02 | F34: =+$E$3 -> 5.4248856e+08 | G34: =+$G$17 -> 1.3721 | H34: =+F34*D34*G34 -> 14886971 | J34: =+H34/$E$3 -> 0.027442
B35: Gasto bancarios4x1000 y retiros | C35: % | D35: 0.004 | F35: =+$E$3 -> 5.4248856e+08 | G35: =+$G$17 -> 1.3721 | H35: =+F35*D35*G35 -> 2977394.2 | J35: =+H35/$E$3 -> 0.0054884
B36: Industria y Comercio 3,7 x 1.000 sobre valor total | C36: % | D36: 0.0037 | F36: =+$E$3 -> 5.4248856e+08 | G36: =+$G$17 -> 1.3721 | H36: =+F36*D36*G36 -> 2754089.6 | J36: =+H36/$E$3 -> 0.00507677
B37: Tasa pro deporte y recreación | C37: % | D37: 0.005 | F37: =+$E$3 -> 5.4248856e+08 | G37: =+$G$17 -> 1.3721 | H37: =+F37*D37*G37 -> 3721742.7 | J37: =+H37/$E$3 -> 0.0068605
B38: TOTAL GASTOS INDIRECTOS DE ADMINISTRACION. | I38: =SUM(I8:I37) -> 1.6491167e+08 | J38: =ROUND(SUM(J7:J37)/3,4) -> 0.304
B39: UTILIDAD: | J39: 0.06
B40: A.U. | J40: =SUM(J38:J39) -> 0.364
I42: NO MOVER | J42: =1+J40 -> 1.364
